 Dungeon Crawl Stone Soup version 0.32-a0-616-g9348d4545b (webtiles) character file.

Game seed: 9355691542706988293

861 ytrimaz the Chopper (level 8, -1/65 HPs)
             Began as a Coglin Gladiator on Mar 5, 2024.
             Slain by an orc
             ... wielding a +2 hand axe of electrocution
              (19 damage)
             ... on level 4 of the Dungeon.
             The game lasted 00:04:35 (4174 turns).

ytrimaz the Chopper (Coglin Gladiator)              Turns: 4174, Time: 00:04:35

Health: -1/65      AC:  0    Str: 17    XL:     8   Next: 2%
Magic:  8/8        EV: 20    Int:  8    God:
Gold:   203        SH:  0    Dex: 20    Spells: 7/7 levels left

rFire   . . .        m - melded +0 hand axe {Amenemopet}
rCold   . . .        a - melded +1 war axe {Chakide}
rNeg    . . .        b - melded +0 leather armour
rPois   .            c - melded +1 helmet
rElec   .            (cloak currently unavailable)
rCorr   .            (gloves currently unavailable)
SInv    .            (boots currently unavailable)
Will    .....        (no amulet)
Stlth   ++           (ring currently unavailable)
HPRegen 0.30/turn    (ring currently unavailable)
MPRegen 0.11/turn    (no gizmo)

%: no passive effects
@: bat-form, flying, very quick
A: fast, flying, no casting, tiny, (off-hand wielding), (slow wielding), (warmup
strikes), (no jewellery)
a: Invent Gizmo


You were on level 4 of the Dungeon.
You were a bat.
You visited 2 branches of the dungeon, and saw 5 of its levels.

You collected 203 gold pieces.


Innate Abilities, Weirdness & Mutations

You are a bat.
You are tiny and dextrous.
You move quickly.
You are flying.
Your equipment is almost entirely melded.
You are incapable of wielding weapons or throwing items.
You cannot cast spells.
((You can wield a second weapon in your off-hand.))
((It takes a long time for you to wield or remove held weapons.))
((Your first few attacks do less damage.))
((You cannot equip rings or amulets.))


   Skills:
 + Level 6.5 Fighting
 + Level 6.9 Axes
 - Level 1.7 Throwing
 - Level 2.6 Dodging


You had 7 spell levels left.
You didn't know any spells.
Your spell library contained the following spells:

 Spells                   Type           Power      Damage    Failure   Level
 Apportation              Tloc           0%         N/A       41%         1
 Freeze                   Ice            0%         1d3       41%         1
 Necrotise                Necr           0%         1d4       41%         1
 Sting                    Conj/Alch      0%         1d3       41%         1
 Summon Small Mammal      Summ           0%         N/A       41%         1
 Frozen Ramparts          Ice            0%         1d1       78%         3
 Hailstorm                Conj/Ice       0%         3d5       78%         3
 Vampiric Draining        Necr           0%         2d6       78%         3
 Martyr's Knell           Necr/Summ      0%         N/A       99%         4
 Curse of Agony           Necr           0%         N/A       100%        5
 Irradiate                Conj/Alch      0%         3d11      100%        5
 Eringya's Noxious Bog    Alch           0%         4d6       100%        6

Inventory:

Hand Weapons
 a - a +1 war axe (melded) {Chakide}
 f - a +0 dagger {Seoyun}
 g - a +0 hand axe {Minjun}
   (You found it on level 1 of the Dungeon)
 m - a +0 hand axe (melded) {Amenemopet}
   (You found it on level 1 of the Dungeon)
Missiles
 d - 3 throwing nets (quivered)
 e - a javelin
Armour
 b - a +0 leather armour (melded)
 c - a +1 helmet (melded)
Wands
 p - a wand of roots (3)
   (You took it off Ijyb on level 4 of the Dungeon)
Scrolls
 i - a scroll of enchant armour
 j - a scroll of identify
 q - 4 scrolls of poison
 s - a scroll of blinking {unknown}
Potions
 h - 2 potions of magic
 k - a potion of brilliance
 l - a potion of degeneration {unknown}
 n - a potion of heal wounds
 o - 2 potions of curing {unknown}

Dungeon Overview and Level Annotations

Branches:
Dungeon (4/15) Zot: 19848  Temple (1/1) D:4 Zot: 5944

Altars:
Ashenzari
Elyvilon
Fedhas
Makhleb
Okawaru
Qazlal
Ru
Trog
Uskayaw
Vehumet
Wu Jian
Xom
Zin

#.#####...######...........
#...##...##### ###.........
#
###.##...##..#####.........
#
#....รท..#......#.#.......
#
####...##..###.#.#.##.....#
### #....#.###.#
#.#)..########
..#####.####.# #>#
#..[.....#####
........####.###.#
#..#####.....#
..####..#.......b###.(..#
#####.. #.##
#..#......o.{##.##.## ###
#..#
#..#.......#..#[##..######
##.#
#..#.......##)#.###......#
#.# #..#...<...##...#
######.### #.#
#..####.#####...## #....
#.# #..# #.# ##...# #####
#.###..####.# ##.#.#####
#..##.......#
#..#[)))<#####


You could see an orc.


Message History

You closely miss the orc priest with your +1 war axe.
You hit the orc priest with your +0 hand axe.
The orc priest misses you.
You closely miss the orc priest with your +1 war axe.
You hit the orc priest but do no damage.
The orc priest closely misses you.
Unknown command. ๐Ÿ˜• HP[+1]
You barely miss the orc priest with your +0 hand axe.
You closely miss the orc priest with your +1 war axe.
The orc priest miscasts a cantrip.
The orc priest calls down the wrath of Beogh upon you.
Pain shoots through your body!
You slash the orc priest with your +1 war axe!
You kill the orc priest!
You see here a +0 mace. ๐Ÿ˜• HP[-10]
You take 10 damage, and now have 47/59 hp.
There is a staircase to the Ecumenical Temple here.
You climb downwards.
Welcome to the Ecumenical Temple!
Found a staircase back to the Dungeon.
There is a staircase back to the Dungeon here. ๐Ÿ˜• HP[+1] Unknown command.
Done exploring. ๐Ÿ˜Ž HP[+11]
Your hp is fully restored (59).
Done exploring.
Done exploring.
Done exploring.
Done exploring.
Done exploring.
Search for what [? for help]?
Okay, then.
Search for what [? for help]? mak
There is a staircase back to the Dungeon here.
You climb upwards.
Welcome back to the Dungeon!
There is a staircase to the Ecumenical Temple here.
You see here a +0 mace.
Unknown command.
An orc wizard comes into view. It is wielding a +0 dagger.
The orc priest shouts!
The orc wizard shouts!
The orc priest hits you but does no damage.
Unknown command.
You hit the orc priest with your +1 war axe.
You closely miss the orc priest with your +0 hand axe.
The orc priest hits you with a +0 quarterstaff!
The orc wizard mumbles some strange words.
The orc wizard flickers and vanishes!
Deactivating autopickup; reactivate with Ctrl-A. ๐Ÿ˜• HP[-7]
You take 7 damage, and now have 52/59 hp.
You slash the orc priest with your +1 war axe!
You kill the orc priest!
You have reached level 8!
You feel clever. ๐Ÿ˜• HP[+6] MP[+1]
You now have 65 max hp (+6).
You regained 6 hp, and now have 58/65 hp.
Your mp is fully restored (8).
Something hits you but does no damage.
Things that are here:
a +0 quarterstaff; the +2 ring mail "Girymegafecs" {Dex+2} No target in view!
You hit something with your +1 war axe.
You miss something with your +0 hand axe.
Something hits you. ๐Ÿ˜• HP[-3]
You take 3 damage, and now have 55/65 hp.
The orc shouts!
You hit something with your +1 war axe.
You miss something with your +0 hand axe.
Something completely misses you.
The orc zaps a wand.
You turn into a bat.
Your +0 hand axe {Amenemopet} melds into your body.
Your +1 helmet melds into your body.
Your +1 war axe {Chakide} melds into your body.
Your +0 leather armour melds into your body.
You closely miss something. Something hits you. ๐Ÿ˜• HP[-1]
You take 1 damage, and now have 54/65 hp.
Something barely misses you.
Unknown command.
Something hits you. ๐Ÿ˜• HP[-4]
You take 4 damage, and now have 50/65 hp.
You hit the orc.
The orc hits you with a +2 hand axe of electrocution!
You are electrocuted!!
* * * LOW HITPOINT WARNING * * *
๐Ÿ˜จ HP[-26]
You take 26 damage, and now have 24/65 hp.
MASSIVE DAMAGE!! (PAUSE) Unknown command.
Something completely misses you.
The orc hits you with a +2 hand axe of electrocution.
* * * LOW HITPOINT WARNING * * *
You are electrocuted!!
You die...

Skill      XL: |  1  2  3  4  5  6  7 |
---------------+----------------------+-----
Fighting       | 3 4 5 6 |  6.5
Axes           | 4 5 6 |  6.9
Throwing       | |  1.7
Dodging        | |  2.6

Action                     |  1- 3 |  4- 6 |  7- 9 || total
---------------------------+-------+-------+-------++-------
  Melee: War axe           |    32 |    21 |    50 ||   103
         Dagger            |     8 |       |       ||     8
         Hand axe          |    65 |   211 |    47 ||   323
         Unarmed           |       |       |     2 ||     2
  Throw: Throwing net      |       |     2 |       ||     2
    Use: Scroll            |     6 |     2 |     1 ||     9
         Potion            |       |     4 |     1 ||     5
   Stab: Sleeping          |       |     4 |       ||     4
         Held in net/web   |       |     2 |       ||     2
 Armour: Leather armour    |    28 |    79 |    36 ||   143
         Skin              |       |       |     4 ||     4
  Dodge: Dodged            |    46 |    90 |    35 ||   171

Levels and vault maps discovered:
D:1:      dpeg_arrival_rooms_c, layout_basic
D:2:      minmay_inner_zag, layout_basic, minmay_pentomino_pile, uniq_sigmund
D:3:      layout_basic, mainiacjoe_overflow_alcove_4,
          nicolae_overflow_ecumenical_swirl, nicolae_ecumenical_lake_church,
          uniq_jessica
D:4:      layout_rooms, mainiacjoe_overflow_catwalk, nzn_wu_jian_contemplation,
          minmay_temple_entry_proselytizer, uniq_ijyb, uniq_duvessa, uniq_robin
Temple:   hellmonk_temple_forest_ring

Notes
Turn   | Place    | Note
-------+----------+-------------------------------------------
     0 | D:1      | ytrimaz the Coglin Gladiator began the quest for the Orb.
     0 | D:1      | Reached XP level 1. HP: 16/16 MP: 1/1
     0 | D:1      | magus.rc [v1.9.6]
   200 | D:1      | Reached XP level 2. HP: 23/23 MP: 2/2
   465 | D:1      | Reached XP level 3. HP: 28/28 MP: 3/3
   613 | D:1      | You pick up a book of Cantrips and begin reading...
   613 | D:1      | You add the spells Sting, Necrotise, Summon Small Mammal
                  | and Apportation to your library.
   714 | D:2      | You pick up a book of Frost and begin reading...
   714 | D:2      | You add the spells Freeze, Frozen Ramparts and Hailstorm to
                  | your library.
   767 | D:2      | Reached skill level 3 in Fighting
   855 | D:2      | Identified the +3 sling "Beogg" {drain, rElec Will- Dex+4}
   875 | D:2      | Reached skill level 4 in Axes
   875 | D:2      | Reached XP level 4. HP: 35/35 MP: 4/4
  1060 | D:2      | You add the spells Irradiate and Eringya's Noxious Bog to
                  | your library.
  1060 | D:2      | Got the Monograph on the Scorpion
  1330 | D:2      | Noticed Sigmund
  1352 | D:2      | Killed Sigmund
  1353 | D:2      | Reached skill level 4 in Fighting
  1353 | D:2      | Reached skill level 5 in Axes
  1353 | D:2      | Reached XP level 5. HP: 24/43 MP: 5/5
  1353 | D:2      | Reached XP level 6. HP: 27/49 MP: 6/6
  1814 | D:3      | Found a burning altar of Makhleb.
  2045 | D:3      | Noticed Jessica
  2052 | D:3      | Killed Jessica
  2091 | D:3      | Reached skill level 5 in Fighting
  2116 | D:3      | Found a faded altar of an unknown god.
  2290 | D:3      | Found a faded altar of an unknown god.
  2293 | D:3      | Found a shimmering altar of Xom.
  3003 | D:4      | Noticed Dowan
  3005 | D:4      | Noticed Duvessa
  3076 | D:4      | Noticed Robin
  3082 | D:4      | Noticed Ijyb
  3093 | D:4      | HP: 11/51 [Robin/+0 spear (5)]
  3099 | D:4      | Killed Robin
  3100 | D:4      | Reached XP level 7. HP: 16/56 MP: 7/7
  3100 | D:4      | Killed Ijyb
  3294 | D:4      | Killed Dowan
  3294 | D:4      | Killed Duvessa
  3295 | D:4      | Reached skill level 6 in Axes
  3411 | D:4      | Reached skill level 6 in Fighting
  3573 | D:4      | Identified the +2 ring mail "Girymegafecs" {Dex+2}
  3581 | D:4      | Found an ornate altar of the Wu Jian Council.
  3740 | D:4      | You pick up a book of Necromancy and begin reading...
  3740 | D:4      | You add the spells Vampiric Draining, Martyr's Knell and
                  | Curse of Agony to your library.
  3942 | D:4      | Found a sacrificial altar of Ru.
  4065 | D:4      | Found a staircase to the Ecumenical Temple.
  4077 | Temple   | Entered the Ecumenical Temple
  4166 | D:4      | Reached XP level 8. HP: 58/65 MP: 8/8
  4174 | D:4      | Slain by an orc

Vanquished Creatures
  Sigmund (D:2)
  Duvessa (D:4)
  An ice beast (D:4)
  A scorpion (D:4)
  Dowan (D:4)
  A jelly (D:3)
  2 orc priests (D:4)
  Jessica (D:3)
  An iguana (D:3)
  Ijyb (D:4)
  Robin (D:4)
  10 adders
  2 ribbon worms (D:2)
  4 dart slugs
  6 orcs
  4 bats (D:1)
  3 endoplasms
  5 giant cockroaches
  17 goblins
  11 hobgoblins
  A jackal (D:2)
  7 quokkas
  5 ball pythons
  2 frilled lizards (D:1)
  8 kobolds
  8 rats
105 creatures vanquished.

Table legend:
 A = Non-vault XP
 B = Vault XP
 C = Vault XP percentage of total XP
 D = Non-vault monster count
 E = Vault monster count
 F = Vault count percentage of total count
                 A         B        C        D         E       F
            +---------+---------+-------+---------+---------+-------
      Total |     574 |     656 |  53.3 |      78 |      27 |  25.7
            +---------+---------+-------+---------+---------+-------
        D:1 |      36 |       0 |   0.0 |      24 |       0 |   0.0
        D:2 |      77 |     283 |  78.6 |      21 |      10 |  32.3
        D:3 |     149 |      37 |  19.9 |      18 |       1 |   5.3
        D:4 |     312 |     336 |  51.9 |      15 |      16 |  51.6
            +---------+---------+-------+---------+---------+-------

Skill      XL: |  1  2  3  4  5  6  7 |
---------------+----------------------+-----
Fighting       | 3 4 5 6 |  6.5
Axes           | 4 5 6 |  6.9
Throwing       | |  1.7
Dodging        | |  2.6

Action                     |  1- 3 |  4- 6 |  7- 9 || total
---------------------------+-------+-------+-------++-------
  Melee: War axe           |    32 |    21 |    50 ||   103
         Dagger            |     8 |       |       ||     8
         Hand axe          |    65 |   211 |    47 ||   323
         Unarmed           |       |       |     2 ||     2
  Throw: Throwing net      |       |     2 |       ||     2
    Use: Scroll            |     6 |     2 |     1 ||     9
         Potion            |       |     4 |     1 ||     5
   Stab: Sleeping          |       |     4 |       ||     4
         Held in net/web   |       |     2 |       ||     2
 Armour: Leather armour    |    28 |    79 |    36 ||   143
         Skin              |       |       |     4 ||     4
  Dodge: Dodged            |    46 |    90 |    35 ||   171

Illustrated notes

Table legend:
 A = Kills in this place as a percentage of kills in the entire game.
 B = Kills by you in this place as a percentage of kills by you in the entire game.
 C = Kills by friends in this place as a percentage of kills by friends in the entire game.
 D = Other kills in this place as a percentage of other kills in the entire game.
 E = Experience gained in this place as a percentage of experience gained in the entire game.
 F = Experience gained in this place divided by the number of levels of this place that you have seen.
                   A       B       C       D       E      F
               +-------+-------+-------+-------+-------+----------------------
         Total | 100.0 | 100.0 |   N/A |   N/A | 100.0 | 246.0
       Dungeon | 100.0 | 100.0 |   N/A |   N/A | 100.0 | 307.5
               +-------+-------+-------+-------+-------+----------------------

Table legend: (Time is in decaauts)
 A = Elapsed time spent in this place.
 B = Non-inter-level travel time spent in this place.
 C = Inter-level travel time spent in this place.
 D = Time resting spent in this place.
 E = Time spent auto-exploring this place.
 F = Levels seen in this place.
 G = Mean time per level.
                   A        B        C        D        E       F      G
               +--------+--------+--------+--------+--------+-----+--------+
         Total |   4206 |   4022 |    184 |    111 |   3133 |   5 |  841.2 |
       Dungeon |   4150 |   3968 |    182 |    111 |   3095 |   4 | 1037.5 |
        Temple |     55 |     53 |      2 |      0 |     38 |   1 |   55.0 |
               +--------+--------+--------+--------+--------+-----+--------+

Top non-repeatable levels by time:
     D:3: 1278 daAuts
     D:2: 1122 daAuts
     D:4: 1056 daAuts
     D:1: 693 daAuts
  Temple: 55 daAuts
